Map: Jagannatha LE

Players

Massa - Winner!

  • Race: Terran Terran
  • League: Platinum
  • Spawn Location: 1:00

YOMISMO

  • Race: Terran Terran
  • League: Diamond
  • Spawn Location: 7:00

VOD

Have the link to the VOD?

Description

Time

  • Played on: Jan. 25, 2021, 11:58 a.m.
  • Length: 13:14
Show
View Real Time Build Order
Export as new Build Order

Massa Terran - Winner!

Build Orders:  

Get SALT Encoding   

  12  0:00  SCV  
  13  0:16  Supply Depot  
  13  0:22  SCV  
  14  0:34  SCV  
  15  0:39  Barracks  
  15  0:44  Refinery  
  15  0:48  SCV  
  16  0:57  Refinery  
  16  1:12  SCV  
  16  1:24  SCV  
  17  1:36  SCV, Barracks  
  18  1:50  Supply Depot  
  18  1:51  SCV  
  19  1:55  Reaper  
  20  2:03  SCV  
  21  2:15  Supply Depot  
  21  2:23  Reaper  
  22  2:30  Reaper  
  24  2:39  Orbital Command  
  23  2:55  Reaper  
  24  3:02  Reaper  
  25  3:15  Command Center  
  26  3:27  SCV, Reaper  
  27  3:34  Reaper  
  28  3:42  Factory  
  28  3:47  Supply Depot  
  28  3:57  SCV  
  28  3:59  Reaper  
  29  4:07  Reaper  
  29  4:09  SCV  
  29  4:31  Marine  
  30  4:43  Starport  
  30  4:45  Factory  
  28  4:49  Marine  
  27  4:59  Factory Tech Lab  
  27  5:07  Marine  
  27  5:22  Cyclone  
  27  5:24  Marine  
  31  5:33  Marine  
  30  5:41  Viking  
  30  5:42  Factory Tech Lab, Marine  
  32  5:50  Marine  
  30  6:00  Marine  
  24  6:20  Viking  
  24  6:21  Siege Tank  
  24  6:23  Marine  
  24  6:24  Marine  
  28  6:41  Marine x2  
  30  6:49  SCV  
  33  7:01  SCV  
  34  7:10  Barracks Tech Lab  
  34  7:11  Barracks Reactor  
  34  7:12  Starport Tech Lab  
  34  7:13  SCV, Siege Tank  
  36  7:16  Orbital Command  
  36  7:26  SCV  
  36  7:27  Supply Depot  
  36  7:28  Engineering Bay, Supply Depot x2  
  36  7:29  Supply Depot x2  
  37  7:33  Supply Depot  
  37  7:34  Refinery  
  37  7:35  Refinery  
  37  7:38  SCV, Cyclone  
  41  7:45  SCV  
  41  7:49  Marine x3  
  41  7:50  SCV  
  44  7:57  SCV  
  44  8:02  SCV  
  42  8:07  Marine x3, Siege Tank  
  42  8:10  SCV  
  49  8:22  Siege Tank  
  49  8:25  Marine  
  53  8:27  SCV  
  53  8:28  SCV  
  55  8:38  Stimpack  
  55  8:39  Command Center  
  55  8:40  SCV x2  
  57  8:42  Marauder, Marine  
  57  8:43  Marine  
  61  8:51  Banshee  
  61  8:52  SCV x2  
  66  8:55  Terran Infantry Weapons Level 1  
  66  9:03  Marauder  
  66  9:04  Marine x2  
  70  9:22  Marine  
  71  9:34  Starport  
  71  9:35  Viking  
  73  9:39  Marauder, Marine  
  73  9:40  Marine  
  73  10:00  Marauder  
  69  10:28  Siege Tank x2  
  75  10:29  Marauder, Marine x2  
  75  10:31  Starport Reactor  
  79  10:47  Marine x2  
  81  10:50  Marauder  
  80  10:57  Medivac  
  82  11:11  Viking x2  
  86  11:12  Marauder  
  86  11:13  Marine x2  
  86  11:15  SCV x2  
  92  11:20  Planetary Fortress  
  92  11:27  SCV x2, Viking  
  92  11:30  Marine  
  92  11:31  Marine  
  92  11:32  Armory  
  98  11:33  Marauder  
  98  11:39  SCV x2  
  102  11:40  Missile Turret  
  102  11:41  Viking x2  
  102  11:43  Missile Turret  
  102  11:44  Siege Tank  
  109  11:47  Combat Shield  
  109  12:00  Supply Depot  
  109  12:01  Supply Depot  
  109  12:04  Sensor Tower  
  109  12:06  Sensor Tower  
  109  12:22  SCV x2, Marauder, Marine x2  
  115  12:23  Liberator  
  115  12:27  Liberator  
  121  12:34  SCV  
  122  12:39  Marine  
  122  12:43  Barracks x2  
  122  12:44  Marauder  
Show
View Real Time Build Order
Export as new Build Order

YOMISMO Terran 

Build Orders: 1/1/1, Liberator Opening 

Get SALT Encoding   

  12  0:00  SCV  
  13  0:12  SCV  
  14  0:19  Supply Depot  
  14  0:25  SCV  
  15  0:32  Refinery  
  15  0:46  Barracks  
  15  0:49  SCV  
  16  1:02  Supply Depot  
  16  1:34  Marine  
  16  1:36  Refinery, Factory  
  17  1:51  Orbital Command  
  17  2:02  Marine  
  18  2:23  Starport, Factory Tech Lab  
  18  2:27  Marine  
  19  2:43  Supply Depot  
  19  2:47  Siege Tank  
  22  2:53  Marine  
  22  2:57  SCV  
  24  3:09  Liberator  
  27  3:13  Marine  
  27  3:17  SCV  
  29  3:28  Siege Tank  
  32  3:39  Marine  
  32  4:05  Command Center  
  32  4:23  Siege Tank  
  30  4:34  Marine  
  22  5:20  Siege Tank  
  23  5:36  Marine  
  24  5:53  SCV, Marine  
  26  6:05  SCV  
  21  6:34  Siege Tank  
  21  6:38  Marine  
  25  6:52  SCV  
  26  6:56  Marine, Viking  
  26  7:04  SCV  
  26  7:06  Siege Tank  
  30  7:12  SCV  
  30  7:14  Marine  
  32  7:17  SCV  
  33  7:24  SCV  
  33  7:28  Viking  
  33  7:29  SCV  
  37  7:32  Marine  
  38  7:41  SCV  
  39  7:47  SCV  
  39  7:49  Marine  
  41  7:53  SCV  
  41  7:58  Viking  
  38  7:59  SCV  
  38  8:05  SCV  
  36  8:13  Marine  
  36  8:17  SCV  
  36  8:19  SCV  
  37  8:28  Refinery, Liberator  
  37  8:29  SCV  
  37  8:31  SCV, Marine  
  43  8:41  SCV  
  43  8:43  SCV  
  45  8:49  Marine  
  45  8:53  SCV  
  47  8:57  Refinery  
  47  9:05  SCV  
  47  9:07  Marine  
  47  9:08  Siege Tank  
  52  9:11  SCV  
  53  9:20  Supply Depot  
  53  9:25  Marine  
  54  9:31  Command Center  
  54  9:33  Supply Depot  
  54  9:41  Liberator  
  54  10:08  Siege Tank  
  54  10:09  Marine  
  51  10:27  Marine  
  42  10:28  SCV  
  43  10:36  Viking  
  43  10:40  Siege Tank  
  43  10:41  SCV  
  43  10:42  SCV  
  48  10:45  Marine  
  46  10:54  SCV  
  46  10:56  SCV  
  46  11:03  Marine  
  47  11:04  SCV  
  47  11:06  SCV, Viking  
  47  11:08  SCV  
  51  11:12  Siege Tank  
  51  11:16  SCV  
  55  11:19  SCV  
  55  11:20  SCV  
  55  11:23  Engineering Bay  
  57  11:31  SCV  
  57  11:32  SCV  
  59  11:38  Orbital Command  
  59  11:43  SCV  
  59  11:44  SCV  
  61  11:49  Engineering Bay  
  60  11:55  Viking  
  60  11:57  SCV  
  60  12:00  Siege Tank  
  66  12:04  SCV  
  67  12:09  SCV  
  67  12:12  Missile Turret  
  67  12:13  SCV  
  69  12:16  SCV  
  69  12:21  SCV  
  71  12:25  SCV  
  71  12:26  Liberator  
  71  12:29  SCV  
  76  12:33  SCV, Missile Turret  
  77  12:41  SCV  
  78  12:45  Barracks Tech Lab, SCV  
  79  12:57  SCV  
  80  13:03  Factory  
  69  13:06  Barracks x2  
Tags
 
Add a new tag
Caveats
  • Supply blocks, unpowered buildings, or Contaminate may cause inaccurate times.
  • Supply counts are checked every 10 seconds.